 Dungeon Crawl Stone Soup version 0.19-a0-1064-geb5102e (webtiles) character file.

317 AlphabetPasta the Digger (level 6, -6/32 HPs)
             Began as a Kobold Earth Elementalist on Aug 3, 2016.
             Mangled by bushterla's ghost (13 damage)
             ... on level 3 of the Dungeon.
             The game lasted 00:28:05 (5426 turns).

AlphabetPasta the Digger (KoEE)                     Turns: 5426, Time: 00:28:06

Health: -6/32      AC:  3    Str:  6    XL:     6   Next: 74%
Magic:  14/20      EV: 10    Int: 15    God:
Gold:   158        SH:  0    Dex: 19    Spells: 3 memorised, 5 levels left

rFire  . . .     SeeInvis .     a - +1 mace
rCold  + . .     Gourm    .     c - +0 robe
rNeg   . . .     Faith    .     (shield restricted)
rPois  +         Spirit   .     n - +0 helmet of the Dropbear {rPois rC+ Dex+2} (curse)
rElec  .         Dismiss  .     (no cloak)
rCorr  .         Reflect  .     (no gloves)
SustAt .         Harm     .     (no boots)
MR     .....                    (no amulet)
Stlth  ++++......               u - ring of stealth (curse)
                                g - ring of magical power

@:
A: carnivore 3
a: no special abilities


You were on level 3 of the Dungeon.
You were very full.

You visited 1 branch of the dungeon, and saw 4 of its levels.
You also visited: Sewer.

You collected 158 gold pieces.

Inventory:

Hand Weapons
 a - a +1 mace (weapon)
Missiles
 b - 17 stones (quivered)
Armour
 c - a +0 robe (worn)
 n - the cursed +0 helmet of the Dropbear (worn) {rPois rC+ Dex+2}
   (You took it off Robin on level 3 of the Dungeon)

   It affects your dexterity (+2).
   It protects you from cold.
   It protects you from poison.
   It has a curse placed upon it.
Jewellery
 g - a ring of magical power (left hand)
 l - an uncursed ring of resist corrosion
 u - a cursed ring of stealth (right hand)
Scrolls
 h - 2 scrolls of remove curse
 i - a scroll of magic mapping
 m - a scroll of teleportation
Potions
 f - a potion of magic {unknown}
 j - a potion of haste {unknown}
 p - 3 potions of flight {unknown}
 s - 2 potions of might
Books
 e - a book of Geomancy

   Spells                             Type                      Level
   a - Sandblast                      Earth                        1
   b - Passwall                       Transmutation/Earth          2
   c - Stone Arrow                    Conjuration/Earth            3
   d - Petrify                        Transmutation/Earth          4
   e - Lee's Rapid Deconstruction     Earth                        5
Comestibles
 d - a meat ration
 k - 3 chunks of flesh
 o - a royal jelly
 r - a slice of pizza


   Skills:
 + Level 0.2 Fighting
 - Level 2.4 Dodging
 - Level 2.6 Stealth
 + Level 3.3 Spellcasting
 + Level 2.1 Conjurations
 - Level 0.8 Transmutations
 * Level 5.6 Earth Magic


You had 5 spell levels left.
You knew the following spells:

 Your Spells              Type           Power        Failure   Level  Hunger
a - Sandblast             Erth           ###...       1%          1    None
b - Passwall              Tmut/Erth      ##........   10%         2    ##.....
c - Stone Arrow           Conj/Erth      ##....       14%         3    ###....


Dungeon Overview and Level Annotations

Branches:
Dungeon (4/15)
 Temple: D:4-7

Altars:
Nemelex Xobeh
Qazlal
Uskayaw
Xom
The Shining One

Annotations:
D:3 Sigmund; bushterla's ghost, amateur DrVM


Innate Abilities, Weirdness & Mutations

You are small and have problems with some larger weapons.
You are carnivorous and can eat meat at any time.


Message History

Bushterla's ghost hits you but does no damage.
There is a stone staircase leading up here.
Casting: Sandblast
Confirm with . or Enter, or press ? or * to list all spells.
Aiming: Stone Arrow
Press: ? - help, Shift-Dir - straight line, f - bushterla's ghost
Aim: bushterla's ghost The stone arrow hits bushterla's ghost.
Bushterla's ghost is lightly damaged.
Bushterla's ghost hits you!
Casting: Stone Arrow
Confirm with . or Enter, or press ? or * to list all spells.
Aiming: Stone Arrow
Press: ? - help, Shift-Dir - straight line, f/p - bushterla's ghost
Aim: bushterla's ghost (lightly damaged)
The stone arrow misses bushterla's ghost.
Bushterla's ghost hits you!
* * * LOW HITPOINT WARNING * * *
Bushterla's ghost hits you!
You die...

#.......<# ######
##########.######.#
#≈≈≈≈≈
#......[........#.#
#≈≈≈≈.
#.#.....W.......#.#
#≈≈≈..
#.#.##.......#..#.#
#≈≈...
##.#.###.##.#.#..#.#
#≈...≈
.....##...###.#..#.#
###≈...≈
.#####...#≈##.#.W#.#
#.')..#.
..S.####....#...@..#
####)#≈...≈
....#.#.≈..♣#g.#.###
#....#≈...≈
.....≈♣._#....###.#
#.####≈≈...
....#._≈.__≈#..#.##
#.# #≈≈≈..
....#...≈.§♣#.#..#
#.# #≈≈≈≈.
....#*.≈._♣##.##.#
#.# #≈≈≈≈≈
###(#*#._###.....#
#.# ###### ###.#
*#^##...##.######.#
*,**** ....#
#.##.............#
*,,,,,


You could see bushterla's ghost and a goblin.

Vanquished Creatures
  Purgy (Sewer)
  An iguana (D:4)
  Terence (D:2)
  Robin (D:3)
  8 adders
  An ooze (D:3)
  2 worms (D:2)
  3 dart slugs
  2 giant geckos (D:3)
  An orc (D:3)
  3 ball pythons
  7 giant cockroaches
  9 goblins
  6 hobgoblins
  3 jackals (D:1)
  2 bats
  6 giant newts
  9 kobolds
  7 rats
73 creatures vanquished.

Notes
Turn   | Place    | Note
-------+----------+-------------------------------------------
     0 | D:1      | AlphabetPasta the Kobold Earth Elementalist began the quest for the Orb.
     0 | D:1      | Reached XP level 1. HP: 10/10 MP: 3/3
   738 | D:1      | Reached XP level 2. HP: 15/15 MP: 3/5
   745 | D:1      | Learned a level 2 spell: Passwall
  1107 | D:2      | Found a hide-covered altar of Uskayaw.
  1112 | D:2      | Reached XP level 3. HP: 19/19 MP: 0/6
  1335 | D:2      | Found a glowing golden altar of the Shining One.
  1451 | D:2      | Found a sparkling altar of Nemelex Xobeh.
  1455 | D:2      | Found a stormy altar of Qazlal.
  1791 | D:2      | Reached skill level 4 in Earth Magic
  1799 | D:2      | Learned a level 3 spell: Stone Arrow
  2166 | D:3      | Reached XP level 4. HP: 20/24 MP: 5/7
  2228 | D:3      | Found a shimmering altar of Xom.
  2228 | D:3      | Found a shimmering altar of Xom.
  2228 | D:3      | Found a shimmering altar of Xom.
  2342 | D:3      | Found a glowing drain.
  2346 | Sewer    | Entered a sewer
  2397 | Sewer    | Reached skill level 1 in Conjurations
  2535 | Sewer    | Noticed Purgy
  2725 | Sewer    | Killed Purgy
  2725 | Sewer    | Reached skill level 5 in Earth Magic
  2725 | Sewer    | Reached XP level 5. HP: 7/28 MP: 6/9
  2996 | D:3      | Noticed Sigmund
  3303 | D:3      | Found a shimmering altar of Xom.
  3303 | D:3      | Found a shimmering altar of Xom.
  3303 | D:3      | Found a shimmering altar of Xom.
  3303 | D:3      | Noticed Terence
  3326 | D:2      | Killed Terence
  3326 | D:2      | Reached XP level 6. HP: 4/32 MP: 0/10
  3334 | D:2      | HP: 2/48 [poisoned by Terence]
  4340 | D:3      | Noticed Robin
  4357 | D:3      | Killed Robin
  4678 | D:3      | Got a slimy helmet
  4684 | D:3      | Identified the cursed +0 helmet of the Dropbear {rPois rC+ Dex+2} (You took it off Robin on level 3 of the Dungeon)
  4687 | D:3      | Noticed bushterla's ghost (amateur DrVM)
  5018 | D:4      | Noticed a phantom
  5426 | D:3      | Mangled by bushterla's ghost

Vault maps used:
D:1:      dpeg_arrival_chambers_temple_mockup
D:2:      nicolae_overflow_hidden_temple, eat_drink_and_be_merry_uskayaw
D:3:      xom_redecorated, gup_sewer_entry_bowl, kennysheep_generic_room_2,
          uniq_sigmund, uniq_robin, uniq_grinder, uniq_terence
D:4:      grunt_temple_overflow_order_and_chaos_2, kiku_gazebo_garden_becter,
          lemuel_round_altar, lightli_temple_of_fire, first_bread, uniq_purgy
Sewer:    sewer_co_purgy_island

Skill      XL: |  1  2  3  4  5  6 |
---------------+-------------------+-----
Earth Magic    | 4 5 |  5.6
Conjurations   | 1 2 |  2.1
Spellcasting   | 3 |  3.3
Fighting       | |  0.2
Dodging        | |  2.4
Stealth        | |  2.6
Transmutations | |  0.8

Action                   |  1- 3 |  4- 6 || total
-------------------------+-------+-------++-------
Melee: Mace              |    28 |    13 ||    41
 Cast: Sandblast         |    81 |    98 ||   179
       Stone Arrow       |       |    25 ||    25
  Use: Scroll            |     2 |     6 ||     8
       Potion            |       |     6 ||     6
 Stab: Sleeping          |     5 |     1 ||     6
  Eat: Chunk             |    13 |    14 ||    27
Armor: Robe              |    14 |    13 ||    27
       Skin              |       |     4 ||     4
Dodge: Dodged            |    61 |    81 ||   142
